 Dungeon Crawl Stone Soup version 0.28.0-53-g5a82cb258f (webtiles) character file.

Game seed: 10210332224294590374

404 SanguineChosen the Chopper (level 6, 0/56 HPs)
             Began as a Minotaur Berserker on Aug 9, 2022.
             Was a Believer of Trog.
             Slain by a water moccasin (1 damage)
             ... on level 5 of the Dungeon on Aug 10, 2022.
             The game lasted 00:13:41 (5308 turns).

SanguineChosen the Chopper (Minotaur Berserker)     Turns: 5308, Time: 00:13:42

Health: 0/56       AC:  7    Str: 23    XL:     6   Next: 56%
Magic:  5/5        EV: 11    Int: 10    God:    Trog [**....]
Gold:   209        SH:  0    Dex: 10    Spells: 5/5 levels left

rFire   . . .      SeeInvis .   a - +0 hand axe
rCold   + . .      Faith    .   (no shield)
rNeg    . . .      Spirit   .   p - +0 scale mail
rPois   .          Reflect  .   (helmet restricted)
rElec   .          Harm     .   (no cloak)
rCorr   .          Rampage  .   (no gloves)
Will    ++...                   (no boots)
Stlth   ..........              (no amulet)
HPRegen 1.18/turn               j - ring of protection from cold
MPRegen 0.09/turn               q - +6 ring of intelligence

@: lethally poisoned (0 -> -11), strong-willed (expiring), regenerating
(expiring)
A: horns 2, retaliatory headbutt
a: Renounce Religion, Berserk, Trog's Hand


You were on level 5 of the Dungeon.
You worshipped Trog.
Trog was pleased with you.
You visited 1 branch of the dungeon, and saw 5 of its levels.

You collected 209 gold pieces.

Inventory:

Hand Weapons
 a - a +0 hand axe (weapon)
Missiles
 c - 17 poisoned darts (quivered)
Armour
 p - a +0 scale mail (worn)
Jewellery
 j - a ring of protection from cold (left hand)
 q - a +6 ring of intelligence (right hand)
Wands
 g - a wand of mindburst (16)
Scrolls
 d - a scroll of enchant weapon {unknown}
 e - a scroll of blinking {unknown}
 h - 2 scrolls of teleportation {unknown}
 i - a scroll of silence {unknown}
 k - a scroll of fog {unknown}
 l - a scroll of identify {unknown}
 o - a scroll of holy word {unknown}
 r - a scroll of immolation {unknown}
 t - a scroll of noise {unknown}
 u - a scroll of magic mapping {unknown}
Potions
 b - 4 potions of curing {unknown}
 f - a potion of brilliance {unknown}
 m - 3 potions of flight {unknown}
 n - a potion of attraction {unknown}
 s - a potion of magic {unknown}
 v - a potion of mutation {unknown}


   Skills:
 + Level 5.3 Fighting
 + Level 6.4 Axes
 + Level 4.3 Armour
 + Level 3.6 Dodging


You had 5 spell levels left.
You didn't know any spells.
Your spell library was empty.

Dungeon Overview and Level Annotations

Branches:
Dungeon (5/15)             Temple (0/1) D:4

Altars:


Innate Abilities, Weirdness & Mutations

You have a pair of horns on your head.
You reflexively headbutt those who attack you in melee.


Message History

You headbutt the water moccasin. The water moccasin barely misses you.
You closely miss the water moccasin.
The water moccasin is heavily wounded.
You feel sick. The water moccasin bites you.
You barely miss the water moccasin.
The water moccasin is heavily wounded.
You feel very sick. The water moccasin barely misses you.
You barely miss the water moccasin.
The water moccasin is heavily wounded.
You feel sick. The water moccasin bites you. x2
You are more poisoned.
The water moccasin poisons you!
You miss the water moccasin.
The water moccasin is heavily wounded.
You feel very sick. The water moccasin barely misses you.
You furiously retaliate!
You headbutt the water moccasin. You hit the water moccasin.
Your headbutt misses the water moccasin.
The water moccasin is severely wounded.
You feel very sick. The water moccasin bites you!
* * * LOW HITPOINT WARNING * * *
The water moccasin bites you.
* * * LOW HITPOINT WARNING * * *
Your skin crawls.
You feel strong-willed.
You feel the effects of Trog's Hand fading.
You feel very sick. The water moccasin bites you.
* * * LOW HITPOINT WARNING * * *
You are lethally poisoned!
The water moccasin poisons you!
You barely miss the water moccasin.
The water moccasin is severely wounded.
* * * LOW HITPOINT WARNING * * *
You feel very sick. The water moccasin bites you.
You die...

#....# #....#
#.##########....#
#.#......).'....#
#.#.########....#
#.#.# .. #...(#
#.#.# #. ####.#
#.#.# #. #.#
#...# #.#####.#
##### #...S@..#
#########


You could see a water moccasin.

Vanquished Creatures
  An ogre (D:5)
  2 howler monkeys (D:4)
  A centaur skeleton (D:4)
  Ijyb (D:3)
  An orc wizard (D:3)
  A howler monkey skeleton (D:3)
  3 gnolls (D:4)
  5 adders
  A worm (D:3)
  A dart slug (D:4)
  4 orcs (D:3)
  5 endoplasms
  5 giant cockroaches
  4 goblins
  10 hobgoblins
  2 jackals (D:1)
  3 quokkas
  6 ball pythons
  3 bats
  4 frilled lizards
  6 kobolds
  7 rats
76 creatures vanquished.

Notes
Turn   | Place    | Note
-------+----------+-------------------------------------------
     0 | D:1      | SanguineChosen the Minotaur Berserker began the quest for
                  | the Orb.
     0 | D:1      | Reached XP level 1. HP: 19/19 MP: 0/0
   475 | D:1      | Reached XP level 2. HP: 27/27 MP: 1/1
   505 | D:1      | Reached skill level 4 in Axes
  1358 | D:2      | Reached XP level 3. HP: 32/33 MP: 2/2
  1363 | D:2      | Found a faded altar of an unknown god.
  1629 | D:2      | Reached ** piety under Trog
  2660 | D:3      | Reached XP level 4. HP: 41/41 MP: 3/3
  2836 | D:3      | Reached skill level 5 in Axes
  3341 | D:3      | Reached XP level 5. HP: 47/47 MP: 4/4
  3383 | D:3      | Noticed Ijyb
  3403 | D:3      | Killed Ijyb
  4119 | D:4      | Reached skill level 5 in Fighting
  4147 | D:4      | Reached skill level 6 in Axes
  4147 | D:4      | Reached XP level 6. HP: 34/56 MP: 5/5
  4465 | D:4      | Found a staircase to the Ecumenical Temple.
  5104 | D:5      | Entered Level 5 of the Dungeon
  5231 | D:5      | Noticed a water moccasin
  5308 | D:5      | HP: 1/56 [poisoned by a water moccasin]
  5308 | D:5      | Slain by a water moccasin

Illustrated notes

Levels and vault maps discovered:
D:1:      lemuel_arrival_behind_the_door_small, layout_basic, minmay_surrounded
D:2:      layout_loops_corners, ebering_ecumenical_altar_box, minivault_23
D:3:      layout_basic, minmay_unequal, uniq_ijyb
D:4:      layout_basic, temple_pool_b, serial_rivers,
          chequers_serial_rivers_micro_e, chequers_serial_rivers_room_b,
          chequers_serial_rivers_small_b, chequers_serial_rivers_small_3,
          chequers_serial_rivers_micro_e
D:5:      minmay_bubble_buster, layout_basic

Skill      XL: |  1  2  3  4  5  6 |
---------------+-------------------+-----
Axes           | 4 5 6 |  6.4
Fighting       | 4 5 |  5.3
Dodging        | 3 |  3.6
Armour         | 3 4 |  4.3

Action                   |  1- 3 |  4- 6 || total
-------------------------+-------+-------++-------
Melee: Hand axe          |    93 |   108 ||   201
       Headbutt          |    13 |    23 ||    36
       Punch             |       |     1 ||     1
Throw: Dart              |     4 |     3 ||     7
Invok: Trog's Hand       |       |     1 ||     1
  Use: Potion            |       |     1 ||     1
 Stab: Sleeping          |     1 |       ||     1
Armor: Animal skin       |    13 |       ||    13
       Leather armour    |     2 |       ||     2
       Ring mail         |     1 |       ||     1
       Scale mail        |       |    25 ||    25
Dodge: Dodged            |    64 |    43 ||   107
